 Dungeon Crawl Stone Soup version 0.31-a0-102-g33a4ccc0cb (webtiles) character file.

Game seed: 3732863267682784360

5941 Jackthecabe the Cleaver (level 10, 0/97 HPs)
             Began as a Hill Orc Reaver on May 26, 2023.
             Slain by a vampire
             ... wielding a +0 spear
              (7 damage)
             ... on level 9 of the Dungeon.
             The game lasted 00:23:53 (11080 turns).

Jackthecabe the Cleaver (Hill Orc Reaver)          Turns: 11080, Time: 00:23:53

Health: 0/97       AC: 14    Str: 20    XL:     10   Next: 83%
Magic:  12/12      EV: 11    Int: 13    God:
Gold:   392        SH:  0    Dex:  9    Spells: 11/12 levels left

rFire   . . .        j - +1 battleaxe (elec)
rCold   . . .        (shield currently unavailable)
rNeg    . . .        y - +0 plate armour
rPois   .            k - +0 helmet
rElec   .            (no cloak)
rCorr   .            (no gloves)
SInv    .            (no boots)
Will    .....        (no amulet) Stlth
                     E - +5 ring of evasion
HPRegen 0.36/turn    L - ring of flight
MPRegen 0.13/turn

%: no passive effects
@: confused, mighty, ambrosia-drunk, flying, hasted, very quick
A: no striking features
a: no special abilities


You were on level 9 of the Dungeon.
You visited 2 branches of the dungeon, and saw 10 of its levels.
You also visited: Ossuary.

You collected 392 gold pieces.


   Skills:
 + Level 11.7 Fighting
 - Level 14.0 Axes
 - Level 8.0 Armour
 - Level 1.5 Dodging
 - Level 1.5 Spellcasting
 - Level 3.0 Conjurations


You had 11 spell levels left.
You knew the following spells:

 Your Spells              Type           Power      Damage    Failure   Level
X - Kiss of Death         Conj/Necr      16%        2d6       97%         1

Your spell library contained the following spells:

 Spells                   Type           Power      Damage    Failure   Level
 Freeze                   Ice            4%         1d3       99%         1
 Momentum Strike          Conj/Tloc      8%         3d8       99%         2
 Blink                    Tloc           2%         N/A       100%        2
 Lesser Beckoning         Tloc           2%         N/A       100%        2
 Scorch                   Fire           2%         2d5       100%        2
 Frozen Ramparts          Ice            2%         1d1       100%        3
 Hailstorm                Conj/Ice       4%         3d4       100%        3
 Flame Wave               Conj/Fire      4%         2d5       100%        4
 Ice Form                 Ice/Tmut       0%         N/A       100%        4
 Summon Ice Beast         Ice/Summ       0%         N/A       100%        4
 Summon Cactus Giant      Summ           0%         N/A       100%        6

Inventory:

Hand Weapons
 a - a +0 hand axe
 j - a +1 battleaxe of electrocution (weapon)
 o - a +0 war axe
 q - a +2 war axe of freezing
 u - a +1 heavy hand axe
 G - a +2 morningstar of protection
Missiles
 H - 4 atropa-tipped darts
 I - 5 curare-tipped darts {=f}
 J - 28 poisoned darts
Armour
 k - a +0 helmet (worn)
 y - a +0 plate armour (worn)
Magical Staves
 f - a staff of earth {!a}
 w - a staff of conjuration {!a}
Jewellery
 E - a +5 ring of evasion (left hand)
 L - a ring of flight (right hand)
Wands
 x - a wand of iceblast (1)
 N - a wand of polymorph (5)
 R - a wand of flame (18)
Scrolls
 b - a scroll of blinking
 c - a scroll of immolation {unknown}
 g - a scroll of fear {unknown}
 h - a scroll of teleportation {@r2}
 l - 2 scrolls of fog
 n - a scroll of enchant weapon
 p - a scroll of vulnerability {unknown}
 s - 3 scrolls of acquirement {unknown}
 t - a scroll of summoning {unknown}
 B - a scroll of poison {unknown}
 D - a scroll of magic mapping {unknown}
 K - a scroll of silence {unknown}
 O - a scroll of amnesia {unknown}
 P - a scroll of brand weapon
 Q - 2 scrolls of noise {unknown}
Potions
 d - 2 potions of attraction
 e - 3 potions of lignification
 i - 3 potions of cancellation
 m - a potion of resistance
 r - 2 potions of curing {@q1}
 v - 3 potions of might
 z - a potion of brilliance {unknown}
 A - a potion of ambrosia
 C - 4 potions of mutation
 F - a potion of haste {@q3}
 M - a potion of heal wounds {unknown}

Dungeon Overview and Level Annotations

Branches:
Dungeon (9/15)             Temple (1/1) D:6         Ossuary (visited)
   Lair: D:8-11         Orc: D:9-12

Altars:
Ashenzari
Cheibriados
Dithmenos
Elyvilon
Fedhas
Gozag
Hepliaklqana
Kikubaaqudgha
Makhleb
Nemelex Xobeh
Okawaru
Qazlal
Ru
Sif Muna
Trog
Uskayaw
Wu Jian
Xom
Yredelemnul
Zin
The Shining One

Shops:
D:2 ([   D:5 :

Annotations:
D:4 exclusion: door
D:7 1 runed translucent door, mandoloar's ghost, novice GnSu

########################
.....................).#
.).............{@<.....#
.......................#
###.##..################
........# .≈≈≈.≈..#
.≈...≈..# .≈.≈≈≈.##
.≈.≈...# .....⚑.#


There were no monsters in sight!


Message History

* * * LOW HITPOINT WARNING * * *
Something bites you!
* * * LOW HITPOINT WARNING * * *
Something draws strength from your injuries!
You barely miss something. Something hits you.
* * * LOW HITPOINT WARNING * * *
Something bites you!
* * * LOW HITPOINT WARNING * * *
Something draws strength from your injuries!
You hit something but do no damage. Something hits you.
* * * LOW HITPOINT WARNING * * *
Something bites you!
* * * LOW HITPOINT WARNING * * *
Something draws strength from your injuries!
It was a potion of might.
You feel very mighty all of a sudden. Something hits you.
* * * LOW HITPOINT WARNING * * *
Something bites you but does no damage.
It was a potion of ambrosia.
You are confused.
You feel invigorated. Something hits you but does no damage.
Something bites you!
* * * LOW HITPOINT WARNING * * *
Something draws strength from your injuries!
Unknown command.
Unknown command.
It was a potion of haste.
You feel yourself speed up. Something hits you but does no damage.
Something bites you!
You die...

Skill      XL: |  1  2  3  4  5  6  7  8  9 10 |
---------------+-------------------------------+-----
Axes           | 5 6 7 8 9 10 14 | 14.0
Fighting       | 3 4 7 10 11 | 11.7
Armour         | 1 8 |  8.0
Dodging        | |  1.5
Spellcasting   | |  1.5
Conjurations   | |  3.0

Action                     |  1- 3 |  4- 6 |  7- 9 | 10-12 || total
---------------------------+-------+-------+-------+-------++-------
  Melee: Hand axe          |   122 |   146 |       |       ||   268
         Punch             |     1 |     1 |     5 |     2 ||     9
         War axe           |       |    75 |   379 |   145 ||   599
         Battleaxe         |       |       |       |    28 ||    28
  Throw: Dart              |       |       |     7 |     4 ||    11
   Cast: Kiss of Death     |       |     1 |       |       ||     1
  Evoke: Wand              |       |       |     2 |     2 ||     4
    Use: Scroll            |       |       |     7 |       ||     7
         Potion            |       |       |     4 |     3 ||     7
   Stab: Distracted        |       |       |     1 |       ||     1
 Armour: Ring mail         |    34 |    37 |       |       ||    71
         Leather armour    |     3 |       |       |       ||     3
         Chain mail        |       |    44 |       |       ||    44
         Plate armour      |       |     2 |   196 |   104 ||   302
  Dodge: Dodged            |    58 |   119 |   195 |    82 ||   454

Levels and vault maps discovered:
D:1:      amcnicky_arrival_blooded_trapdoor, layout_loops_ring,
          minmay_tree_intersection, dreamdust_mushroom_princess
D:2:      layout_loops_ring, hellmonk_ecumenical_altar_leap_of_faith,
          serial_shops, nicolae_shop_trees, nicolae_diamond_shop,
          supply_closet_lemuel, uniq_robin
D:3:      layout_rooms
D:4:      layout_basic, minmay_joined_circles
D:5:      layout_loops_ring, grunt_temple_overflow_open, enter_ossuary_2,
          serial_shops, nicolae_shop_statue_plus, due_unseen_surprise,
          uniq_sigmund
D:6:      layout_loops_ring, minmay_temple_entry_tees, uniq_grinder
D:7:      layout_loops_corners, hellmonk_ghost_happy_afterlife, uniq_duvessa
D:8:      layout_rooms, grunt_decor_junction, uniq_gastronok, uniq_psyche
D:9:      layout_cross, mainiacjoe_overflow_large_starburst, minmay_hedge_maze,
          minmay_guarded_unrand_staff_of_olgreb, uniq_joseph
Temple:   dpeg_five_rooms_temple

Notes
Turn   | Place    | Note
-------+----------+-------------------------------------------
     0 | D:1      | Jackthecabe the Hill Orc Reaver began the quest for the
                  | Orb.
     0 | D:1      | Reached XP level 1. HP: 18/18 MP: 3/3
   236 | D:1      | Reached XP level 2. HP: 17/25 MP: 4/4
   284 | D:1      | You fall into a shaft and drop 1 floor!
   284 | D:2      | Found Itiegrir's Armour Emporium.
   559 | D:1      | Reached skill level 5 in Axes
  1050 | D:2      | Reached XP level 3. HP: 10/30 MP: 5/5
  1208 | D:2      | Reached skill level 6 in Axes
  1247 | D:2      | Noticed Robin
  1387 | D:2      | Killed Robin
  1388 | D:2      | Reached XP level 4. HP: 12/37 MP: 6/6
  1734 | D:2      | Found Impaleop's Weapon Boutique.
  1752 | D:2      | Found a faded altar of an unknown god.
  2098 | D:2      | Reached skill level 7 in Axes
  2098 | D:2      | Reached XP level 5. HP: 18/38 MP: 7/7
  3089 | D:4      | Noticed a black bear
  3150 | D:4      | Noticed a phantom
  3183 | D:4      | Killed a phantom
  3184 | D:4      | Reached skill level 8 in Axes
  3184 | D:4      | Reached skill level 3 in Fighting
  3184 | D:4      | Reached XP level 6. HP: 48/52 MP: 8/8
  3503 | D:4      | Reached skill level 4 in Fighting
  3730 | D:5      | Entered Level 5 of the Dungeon
  3754 | D:5      | Found Siceun's Book Shoppe.
  3775 | D:5      | Found a glowing golden altar of the Shining One.
  3779 | D:5      | Found a shadowy altar of Dithmenos.
  4155 | D:5      | Reached skill level 9 in Axes
  4155 | D:5      | Reached XP level 7. HP: 40/60 MP: 9/9
  4159 | D:5      | Found a sand-covered staircase.
  4193 | Ossuary  | Entered an ossuary
  4262 | Ossuary  | Reached skill level 5 in Fighting
  4434 | Ossuary  | Reached skill level 10 in Axes
  4574 | D:5      | Noticed a wyvern
  4578 | D:5      | Killed a wyvern
  4579 | D:5      | Reached skill level 6 in Fighting
  4641 | D:5      | Reached skill level 7 in Fighting
  4641 | D:5      | Reached XP level 8. HP: 73/73 MP: 10/10
  4917 | D:5      | Noticed Sigmund
  5376 | D:6      | Found a staircase to the Ecumenical Temple.
  5386 | D:6      | Reached skill level 8 in Fighting
  5400 | Temple   | Entered the Ecumenical Temple
  5708 | D:6      | Noticed Grinder
  5740 | D:6      | Paralysed by Grinder for 4 turns
  5757 | D:6      | Killed Grinder
  5758 | D:6      | Reached skill level 9 in Fighting
  6179 | D:6      | Reached skill level 10 in Fighting
  6330 | D:7      | Noticed a troll
  6332 | D:7      | Reached skill level 1 in Armour
  6332 | D:7      | Reached XP level 9. HP: 64/86 MP: 11/11
  6550 | D:7      | Reached skill level 2 in Armour
  6704 | D:7      | Reached skill level 3 in Armour
  6814 | D:7      | Noticed mandoloar's ghost (novice GnSu)
  6815 | D:7      | Found a runed translucent door.
  6845 | D:7      | Reached skill level 11 in Fighting
  6845 | D:7      | Reached skill level 4 in Armour
  6985 | D:7      | Killed a troll
  6986 | D:7      | Reached skill level 5 in Armour
  7009 | D:7      | Killed Sigmund
  7112 | D:7      | Reached skill level 6 in Armour
  7389 | D:7      | Reached skill level 7 in Armour
  7627 | D:7      | Noticed Duvessa
  7669 | D:7      | Killed Duvessa
  7698 | D:7      | Noticed Dowan
  7709 | D:7      | Killed Dowan
  8123 | D:7      | Reached skill level 8 in Armour
  8140 | D:7      | Reached XP level 10. HP: 46/95 MP: 12/12
  8772 | D:8      | Reached skill level 11 in Axes
  8946 | D:8      | Noticed Psyche
 10124 | D:8      | Noticed Gastronok
 10149 | D:8      | Reached skill level 12 in Axes
 10304 | D:8      | Killed Gastronok
 10305 | D:8      | Reached skill level 13 in Axes
 10449 | D:8      | Psyche changed into Psyche the black bear
 10449 | D:8      | Noticed Psyche
 10452 | D:8      | Killed Psyche the black bear
 10740 | D:9      | Found a broken altar of Ashenzari.
 10767 | D:9      | Reached skill level 14 in Axes
 11078 | D:9      | HP: 8/97 [something (6)]
 11080 | D:9      | Slain by a vampire

Vanquished Creatures
  Gastronok (D:8)
  Grinder (D:6)
  A troll (D:7)
  A hornet (D:9)
  Sigmund (D:7)
  A shadow (D:7)
  3 wyverns
  4 yaks
  2 steam dragons (D:7)
  Duvessa (D:7)
  2 orc warriors
  3 black bears
  An ice beast (D:5)
  2 phantoms
  2 centaurs (D:8)
  2 kobold brigands
  2 scorpions (D:5)
  4 bullfrogs
  3 water moccasin zombies (Ossuary)
  Dowan (D:7)
  4 killer bees (D:7)
  A howler monkey (D:6)
  2 lava snakes (D:8)
  2 hounds
  2 gnoll boudas (D:7)
  A jelly (D:7)
  3 iguanas
  7 orc wizards
  2 mummies (Ossuary)
  Robin (D:2)
  6 adders
  9 gnolls
  A shadow imp (D:5)
  A white imp (D:5)
  9 adder zombies (Ossuary)
  3 worms
  3 dart slugs
  31 orcs
  6 ball pythons
  6 endoplasms
  4 giant cockroaches
  A gnoll zombie (Ossuary)
  15 goblins
  7 hobgoblins
  4 quokkas
  3 bats
  3 frilled lizards
  4 hobgoblin zombies (Ossuary)
  20 kobolds
  4 kobold zombies (Ossuary)
  3 orc zombies (Ossuary)
  2 rats
208 creatures vanquished.

Table legend: (Time is in decaauts)
 A = Elapsed time spent in this place.
 B = Non-inter-level travel time spent in this place.
 C = Inter-level travel time spent in this place.
 D = Time resting spent in this place.
 E = Time spent auto-exploring this place.
 F = Levels seen in this place.
 G = Mean time per level.
                   A        B        C        D        E       F      G
               +--------+--------+--------+--------+--------+-----+--------+
         Total |  11095 |  10636 |    459 |   2899 |   5411 |  11 | 1008.6 |
       Dungeon |  10486 |  10075 |    411 |   2879 |   5025 |   9 | 1165.1 |
        Temple |    260 |    212 |     48 |      0 |    201 |   1 |  260.0 |
       Ossuary |    348 |    348 |      0 |     20 |    185 |   1 |  348.0 |
               +--------+--------+--------+--------+--------+-----+--------+

Top non-repeatable levels by time:
     D:7: 2751 daAuts
     D:8: 1782 daAuts
     D:4: 1144 daAuts
     D:5: 1138 daAuts
     D:2: 1126 daAuts
     D:1: 989 daAuts
     D:6: 890 daAuts
     D:3: 514 daAuts
 Ossuary: 348 daAuts
  Temple: 260 daAuts
     D:9: 148 daAuts

Table legend:
 A = Non-vault XP
 B = Vault XP
 C = Vault XP percentage of total XP
 D = Non-vault monster count
 E = Vault monster count
 F = Vault count percentage of total count
                 A         B        C        D         E       F
            +---------+---------+-------+---------+---------+-------
      Total |    5699 |    2789 |  32.9 |     163 |      45 |  21.6
            +---------+---------+-------+---------+---------+-------
        D:1 |      30 |       4 |  11.8 |      17 |       2 |  10.5
        D:2 |      88 |      34 |  27.9 |      16 |      11 |  40.7
        D:3 |      38 |       0 |   0.0 |      17 |       0 |   0.0
        D:4 |     181 |       0 |   0.0 |      17 |       0 |   0.0
        D:5 |     746 |       0 |   0.0 |      22 |       0 |   0.0
        D:6 |     455 |     295 |  39.3 |      11 |       1 |   8.3
        D:7 |    2329 |     435 |  15.7 |      45 |       3 |   6.2
        D:8 |     983 |    1682 |  63.1 |      14 |       2 |  12.5
        D:9 |     849 |       0 |   0.0 |       4 |       0 |   0.0
    Ossuary |       0 |     339 | 100.0 |       0 |      26 | 100.0
            +---------+---------+-------+---------+---------+-------
